 Dungeon Crawl Stone Soup version 0.23-a0-644-gb60d84b (webtiles) character file.

18 Azzok the Digger (level 2, 22/22 HPs)
             Began as a Deep Dwarf Earth Elementalist on Jan 1, 2019.
             Quit the game on level 1 of the Dungeon.
             The game lasted 00:01:45 (929 turns).

Azzok the Digger (Deep Dwarf Earth Elementalist)     Turns: 929, Time: 00:01:46

Health: 22/22      AC:  2    Str: 11    XL:     2   Next: 51%
Magic:  4/4        EV: 10    Int: 15    God:
Gold:   77         SH:  0    Dex: 13    Spells: 4/5 levels left

rFire    . . .     SeeInvis .   h - +2 hand axe (elec)
rCold    . . .     Gourm    .   (no shield)
rNeg     . . .     Faith    .   c - +0 robe
rPois    .         Spirit   .   (no helmet)
rElec    .         Reflect  .   (no cloak)
rCorr    .         Harm     .   (no gloves)
MR       .....                  (no boots)
Stlth    ++........             (no amulet)
HPRegen  0.00/turn              i - -2 ring of evasion (curse)
MPRegen  0.09/turn              (no ring)

@: non-regenerating
A: damage resistance, heal wounds, sense surroundings 1, no regeneration
a: Heal Wounds


You were on level 1 of the Dungeon.
You were not hungry.

You visited 1 branch of the dungeon, and saw 1 of its levels.

You collected 77 gold pieces.

Inventory:

Hand Weapons
 h - a +2 hand axe of electrocution (weapon)
Missiles
 b - 72 stones (quivered)
Armour
 c - a +0 robe (worn)
Jewellery
 i - a cursed -2 ring of evasion (left hand)
Scrolls
 a - a scroll of blinking {unknown}
 g - a scroll of identify {unknown}
 j - a scroll of teleportation {unknown}
Potions
 e - a potion of lignification {unknown}
Comestibles
 d - 3 rations


   Skills:
 - Level 2.1 Dodging
 - Level 2.4 Stealth
 + Level 2.2 Spellcasting
   Level 0.8 Transmutations
 + Level 4.6 Earth Magic


You had 4 spell levels left.
You knew the following spells:

 Your Spells              Type           Power        Failure   Level  Hunger
a - Sandblast             Erth           ###...       3%          1    #......

Your spell library contained the following spells:

 Spells                   Type           Power        Failure   Level  Hunger
 Passwall                 Tmut/Erth      ##......     11%         2    ###....
 Stone Arrow              Conj/Erth      #.....       26%         3    ###....
 Petrify                  Tmut/Erth      ##......     56%         4    #####..
 Lee's Rapid Deconstruct  Erth           ###.......   65%         5    ######.


Dungeon Overview and Level Annotations

Branches:
Dungeon (1/15)

Altars:


Innate Abilities, Weirdness & Mutations

You are resistant to damage.
You can heal yourself by infusing magical energy.
You passively map a small area around you.
You do not regenerate.


Message History

The leopard gecko bites you.
* * * LOW HITPOINT WARNING * * *
The leopard gecko closely misses you.
You hit the leopard gecko.
You kill the leopard gecko!
You start waiting.
Done waiting.
You now have 77 gold pieces (gained 8).
Key pressed, stopping explore.
There is a stone staircase leading down here.
There is an open door here.
You open the door.
All of the chunks of flesh in your inventory have rotted away.
There is an open door here.
Key pressed, stopping explore.
Found a stone staircase leading down.
A bat comes into view.
Your magical essence is drained by the effort!
You feel much better.
Are you sure you want to abandon this character and quit the game? (Confirm

▒▒▒▒▒▒▒▒▒
▒·······▒▒ ◦◦
▒········▒▒
▒▒▒▒··▒▒>····▒
▒······@·····▒░
▒·▒▒··▒▒·······
◦ ▒·▒▒··▒
·····▒▒
▒▒·▒▒··▒░·····▒
◦░░ ▒··▒▒···
····▒▒ ◦
▒·▒▒▒▒▒▒▒▒·▒▒▒
░·▒ ▒·▒ ·▒ ▒·▒
▒·▒ ▒▒╬▒▒ ▒·▒
▒·▒ ▒▒···▒▒ ▒·▒


There were no monsters in sight!

Vanquished Creatures
  A dart slug (D:1)
  A leopard gecko (D:1)
  A giant cockroach (D:1)
  3 goblins (D:1)
  2 hobgoblins (D:1)
  3 bats (D:1)
  A frilled lizard (D:1)
  A kobold (D:1)
  A rat (D:1)
14 creatures vanquished.

Notes
Turn   | Place    | Note
-------+----------+-------------------------------------------
     0 | D:1      | Azzok the Deep Dwarf Earth Elementalist began the quest for
                  | the Orb.
     0 | D:1      | Reached XP level 1. HP: 15/15 MP: 3/3
   291 | D:1      | Reached XP level 2. HP: 19/22 MP: 5/5
   929 | D:1      | Quit the game

Vault maps used:
D:1:      mushboom_english_gardens, minmay_misc_feat_pillars

Skill      XL: |  1 |
---------------+----+-----
Spellcasting   | 2 |  2.2
Dodging        | |  2.1
Stealth        | |  2.4
Transmutations | |  0.8
Earth Magic    | |  4.6

Action                   || total
-------------------------++-------
Melee: Unarmed           ||    12
       Hand axe          ||    24
 Cast: Sandblast         ||    12
 Abil: Heal Wounds       ||     1
 Stab: Sleeping          ||     1
Armor: Robe              ||    15
Dodge: Dodged            ||    31

Table legend:
 A = Non-vault XP
 B = Vault XP
 C = Vault XP percentage of total XP
 D = Non-vault monster count
 E = Vault monster count
 F = Vault count percentage of total count
                 A         B        C        D         E       F
            +---------+---------+-------+---------+---------+-------
      Total |      27 |       0 |   0.0 |      14 |       0 |   0.0
            +---------+---------+-------+---------+---------+-------
        D:1 |      27 |       0 |   0.0 |      14 |       0 |   0.0
            +---------+---------+-------+---------+---------+-------
